 Dungeon Crawl Stone Soup version 0.30-a0-389-g8d7d949f56 (webtiles) character file.

Game seed: 1648913748383438257

9396 arthad the Blocker (level 11, -1/89 HPs)
             Began as a Formicid Fighter on Dec 4, 2022.
             Was an Elder of Cheibriados.
             Slain by a white ugly thing (25 damage)
             ... on level 11 of the Dungeon.
             The game lasted 00:19:42 (8196 turns).

arthad the Blocker (Formicid Fighter)               Turns: 8196, Time: 00:19:43

Health: -1/89      AC: 22    Str: 45    XL:     11   Next: 73%
Magic:  17/17      EV:  9    Int: 23    God:    Cheibriados [****..]
Gold:   1057       SH: 14    Dex: 23    Spells: 10/10 levels left

rFire   . . .      SeeInvis +    I - +7 hand axe
rCold   . . .      Faith    .    c - +1 buckler
rNeg    . . .      Spirit   .    h - +5 shadow dragon scales of Midwinter {Str+4 Int+5 Stlth++++}
rPois   .          Reflect  +    (helmet unavailable)
rElec   .          Harm     .    (no cloak)
rCorr   .          Rampage  .    P - +0 pair of gloves
Will    +....                    (no boots)
Stlth   +++.......               D - amulet of reflection
HPRegen 0.34/turn                B - +6 ring of strength
MPRegen 0.15/turn                (no ring)

@: very slow
A: permanent stasis, dig shafts and tunnels, antennae 3, four strong arms
a: Dig, Shaft Self, Renounce Religion, Bend Time, Temporal Distortion, Slouch


You were on level 11 of the Dungeon.
You worshipped Cheibriados.
Cheibriados was greatly pleased with you.
You visited 1 branch of the dungeon, and saw 11 of its levels.
You also visited: Bailey.

You collected 1057 gold pieces.

Inventory:

Hand Weapons
 a - a +0 war axe
 e - the +8 dagger of the Bespelling Gods {holy, rN+ rCorr Dex+2 Stlth+}
   (You found it on level 6 of the Dungeon)

   It has been blessed by the Shining One to cause great damage to the undead
   and demons.
   Dex:       It affects your dexterity (+2).
   rN:        It protects you from negative energy.
   rCorr:     It protects you from acid and corrosion.
   Stlth:     It makes you more stealthy.
 y - a +0 broad axe
 G - a +0 broad axe
 I - a +7 hand axe (weapon)
 Q - a +0 battleaxe
 U - a +0 war axe
Missiles
 i - 3 throwing nets
 p - 15 poisoned darts
 r - 24 boomerangs
 t - 2 javelins
 A - 4 boomerangs of dispersal
 N - a curare-tipped dart
Armour
 b - a +0 scale mail
 c - a +1 buckler (worn)
 h - the +5 shadow dragon scales of Midwinter (worn) {Str+4 Int+5 Stlth++++}
   (You acquired it on level 5 of the Dungeon)

   Str:       It affects your strength (+4).
   Int:       It affects your intelligence (+5).
   Stlth:     It makes you much more stealthy.
 w - an orb of guile
 P - a +0 pair of gloves (worn)
Magical Staves
 j - a staff of conjuration
Jewellery
 s - an amulet of regeneration
 B - a +6 ring of strength (left hand)
 D - an amulet of reflection (around neck)
 H - a ring of resist corrosion
 M - the amulet "Woixack" {Rampage Regen+ Int+3 Dex-4 SInv}
   (You found it on level 8 of the Dungeon)

   [amulet of regeneration]

   Int:       It affects your intelligence (+3).
   Dex:       It affects your dexterity (-4).
   SInv:      It lets you see invisible.
   Regen:     It increases your rate of health regeneration.
   Rampage:   It bestows one free step when moving towards enemies.
   Cheibriados disapproves of the use of such an item.
 T - a ring of ice
Wands
 q - a wand of polymorph (5)
 C - a wand of charming (5)
Scrolls
 g - 2 scrolls of amnesia
 x - 2 scrolls of enchant weapon
 J - 2 scrolls of butterflies
 K - 4 scrolls of magic mapping
 L - 5 scrolls of identify
 O - a scroll of enchant armour
 V - 2 scrolls of immolation {unknown}
Potions
 d - 6 potions of might
 f - 5 potions of curing
 k - a potion of lignification
 l - 2 potions of degeneration
 m - a potion of brilliance
 n - 2 potions of heal wounds
 o - 2 potions of resistance
 u - 3 potions of haste
 v - 2 potions of mutation {unknown}
 z - a potion of experience {unknown}
 E - 2 potions of magic {unknown}
 F - 3 potions of flight
 R - a potion of invisibility {unknown}
 S - a potion of attraction
 W - a potion of ambrosia {unknown}


   Skills:
 + Level 9.5 Fighting
 + Level 8.3 Axes
 + Level 9.5 Armour
 + Level 0.0 Dodging
 + Level 11.3 Shields
 + Level 8.4 Invocations


You had 10 spell levels left.
You didn't know any spells.
Your spell library contained the following spells:

 Spells                   Type           Power      Damage    Failure   Level
 Kiss of Death            Conj/Necr      0%         2d5       43%         1
 Ensorcelled Hibernation  Hex/Ice        0%         N/A       56%         2
 Confusing Touch          Hex            0%         N/A       80%         3
 Gell's Gravitas          Tloc           0%         N/A       80%         3
 Spider Form              Tmut/Pois      0%         N/A       80%         3
 Teleport Other           Tloc           0%         N/A       80%         3
 Tukima's Dance           Hex            0%         N/A       80%         3
 Anguish                  Hex/Necr       0%         N/A       99%         4
 Dispel Undead            Necr           0%         3d6       99%         4
 Passage of Golubria      Tloc           0%         N/A       99%         4
 Yara's Violent Unravell  Hex/Tmut       0%         3d3       100%        5
 Dispersal                Tloc           0%         N/A       100%        6
 Enfeeble                 Hex            0%         N/A       100%        7


Dungeon Overview and Level Annotations

Branches:
Dungeon (11/15)            Temple (0/1) D:4          Bailey (visited)
   Lair: D:8-11         Orc: D:9-12

Altars:
Cheibriados
Dithmenos
Elyvilon
Makhleb
Okawaru
Qazlal
Uskayaw
Vehumet

Shops:
D:1 *   D:10 [


Innate Abilities, Weirdness & Mutations

You cannot be hasted, slowed, berserked, paralysed or teleported.
You can dig through walls and to a lower floor.
You have a pair of large antennae on your head. (SInv)
Your four strong arms can wield two-handed weapons with a shield.


Message History

You closely miss the white ugly thing.
The white ugly thing is heavily wounded.
The white ugly thing engulfs you but does no damage.
You closely miss the white ugly thing.
The white ugly thing is heavily wounded.
The white ugly thing barely misses you.
You slash the white ugly thing!
The white ugly thing is heavily wounded.
The white ugly thing engulfs you but does no damage.
You hit the white ugly thing but do no damage.
The white ugly thing is heavily wounded.
You block the white ugly thing's attack.
You closely miss the white ugly thing.
The white ugly thing is heavily wounded.
You block the white ugly thing's attack.
You barely miss the white ugly thing.
The white ugly thing is heavily wounded.
You block the white ugly thing's attack.
You slash the white ugly thing!
The white ugly thing is severely wounded.
The white ugly thing engulfs you! The white ugly thing freezes you!!
* * * LOW HITPOINT WARNING * * *
You are too injured to fight recklessly!
You are too injured to fight recklessly!
You are too injured to fight recklessly!
You are too injured to fight recklessly!
You hit the white ugly thing.
The white ugly thing is severely wounded.
You closely miss the white ugly thing.
The white ugly thing is severely wounded.
You block the white ugly thing's attack.
You barely miss the white ugly thing.
The white ugly thing is severely wounded.
You block the white ugly thing's attack.
You hit the white ugly thing.
The white ugly thing is almost dead.
The white ugly thing engulfs you.
* * * LOW HITPOINT WARNING * * *
The white ugly thing freezes you!!
You die...

### #<#
#.# #.#
## #.# .+
#.# .#
#.#####u#
#.....@.#
#########
{ { { {


You could see a white ugly thing.

Vanquished Creatures
  Fannar (D:10)
  Harold (D:9)
  A boulder beetle (D:10)
  Pikel (D:7)
  An orc knight (Bailey)
  Maurice (D:8)
  A troll (D:10)
  A hornet (D:10)
  Prince Ribbit (D:8)
  A shadow (D:10)
  A wraith (D:9)
  A wyvern (D:10)
  7 yaks
  A steam dragon (D:7)
  A vampire mosquito (D:7)
  Menkaure (D:6)
  A water moccasin (D:5)
  3 black bears
  7 orc warriors
  An ice beast (D:6)
  An ogre (D:8)
  4 centaurs
  A phantom (D:5)
  A lemure (D:7)
  2 kobold brigands
  2 bullfrogs (D:7)
  A gnoll sergeant (D:9)
  10 scorpions
  A necrophage (D:8)
  8 wights (D:9)
  4 howler monkeys
  A crimson imp (D:7)
  A jelly (D:5)
  3 orc priests
  6 hounds
  Jessica (D:2)
  3 iguanas
  Terence (D:2)
  3 orc wizards
  4 gnolls
  9 adders
  A shadow imp (D:7)
  A white imp (D:7)
  3 worms
  2 dart slugs
  22 orcs
  6 ball pythons
  4 bats
  5 endoplasms
  2 giant cockroaches
  9 goblins
  9 hobgoblins
  5 quokkas
  3 frilled lizards
  29 kobolds
  8 rats
  5 butterflies (D:7)
215 creatures vanquished.

Vanquished Creatures (others)
  2 fungi (D:1)
  18 plants
20 creatures vanquished.

Grand Total: 235 creatures vanquished

Notes
Turn   | Place    | Note
-------+----------+-------------------------------------------
     0 | D:1      | arthad the Formicid Fighter began the quest for the Orb.
     0 | D:1      | Reached XP level 1. HP: 18/18 MP: 1/1
    38 | D:1      | Found Okluoczu's Assorted Antiques.
   120 | D:1      | Reached XP level 2. HP: 24/24 MP: 2/2
   431 | D:1      | Found a faded altar of an unknown god.
   678 | D:2      | Reached XP level 3. HP: 28/29 MP: 3/3
   850 | D:2      | Reached XP level 4. HP: 35/37 MP: 4/4
  1160 | D:2      | Noticed Terence
  1166 | D:2      | Killed Terence
  1173 | D:2      | Reached skill level 5 in Shields
  1173 | D:2      | Reached XP level 5. HP: 13/42 MP: 5/5
  1453 | D:2      | Noticed Jessica
  1462 | D:2      | Killed Jessica
  1840 | D:3      | Noticed a +0 spear
  1840 | D:3      | Noticed a +0 short sword
  1840 | D:3      | Noticed a +0 spear
  1841 | D:3      | Noticed a +0 short sword
  1843 | D:3      | Noticed a +0 dagger
  1843 | D:3      | Noticed a +0 falchion
  1843 | D:3      | Noticed a +0 dagger
  1843 | D:3      | Noticed a +0 falchion
  1863 | D:3      | Found a hide-covered altar of Uskayaw.
  1914 | D:3      | Found a snail-covered altar of Cheibriados.
  1914 | D:3      | Found a radiant altar of Vehumet.
  1925 | D:3      | Found a faded altar of an unknown god.
  1927 | D:3      | Became a worshipper of Cheibriados the Contemplative
  1944 | D:3      | Found an iron altar of Okawaru.
  1946 | D:3      | Found a white marble altar of Elyvilon.
  2325 | D:4      | Found a staircase to the Ecumenical Temple.
  2338 | D:4      | Reached XP level 6. HP: 25/49 MP: 6/6
  2569 | D:4      | Reached * piety under Cheibriados
  2717 | D:4      | Found a shadowy altar of Dithmenos.
  2903 | D:5      | Entered Level 5 of the Dungeon
  2940 | D:5      | Reached XP level 7. HP: 55/55 MP: 7/7
  3025 | D:5      | Reached skill level 5 in Fighting
  3025 | D:5      | Reached skill level 5 in Armour
  3025 | D:5      | Reached skill level 6 in Shields
  3157 | D:5      | Noticed a water moccasin
  3163 | D:5      | Killed a water moccasin
  3422 | D:5      | Identified a scroll of acquirement
  3422 | D:5      | Acquired the +5 shadow dragon scales of Midwinter {Str+4
                  | Int+5 Stlth++++}
  3816 | D:6      | Reached skill level 1 in Invocations
  3816 | D:6      | Reached XP level 8. HP: 63/63 MP: 8/8
  3885 | D:6      | Noticed Menkaure
  3892 | D:6      | Killed Menkaure
  3893 | D:6      | Reached skill level 7 in Shields
  3914 | D:6      | Identified the +8 dagger of the Bespelling Gods {holy, rN+
                  | rCorr Dex+2 Stlth+}
  4136 | D:6      | Reached skill level 5 in Axes
  4261 | D:6      | Found a stormy altar of Qazlal.
  4483 | D:7      | Found a flagged portal.
  4510 | Bailey   | Entered a bailey
  4532 | Bailey   | Reached ** piety under Cheibriados
  4576 | Bailey   | Reached XP level 9. HP: 61/71 MP: 11/11
  4615 | Bailey   | Noticed an orc knight
  4632 | Bailey   | Killed an orc knight
  4633 | Bailey   | Reached skill level 8 in Shields
  4992 | D:7      | Reached skill level 5 in Invocations
  5013 | D:7      | Noticed Pikel
  5032 | D:7      | Killed Pikel
  5032 | D:7      | Reached *** piety under Cheibriados
  5033 | D:7      | Reached skill level 9 in Shields
  5033 | D:7      | Reached XP level 10. HP: 62/79 MP: 12/14
  5672 | D:7      | Found a burning altar of Makhleb.
  5793 | D:7      | Found a runed translucent door.
  5795 | D:7      | Found a runed translucent door.
  6049 | D:8      | Noticed Prince Ribbit
  6065 | D:8      | Killed Prince Ribbit
  6127 | D:8      | Reached **** piety under Cheibriados
  6129 | D:8      | Identified the amulet "Woixack" {Rampage Regen+ Int+3 Dex-4
                  | SInv}
  6287 | D:8      | Noticed Maurice
  6307 | D:8      | Killed Maurice
  6308 | D:8      | Reached skill level 10 in Shields
  6516 | D:9      | Noticed Harold
  6539 | D:9      | Killed Harold
  6540 | D:9      | Reached XP level 11. HP: 42/87 MP: 14/16
  7317 | D:10     | Entered Level 10 of the Dungeon
  7320 | D:10     | Noticed a boulder beetle
  7351 | D:10     | Killed a boulder beetle
  7483 | D:10     | Noticed Fannar
  7502 | D:10     | Killed Fannar
  7503 | D:10     | Reached skill level 11 in Shields
  8036 | D:10     | Found Irom's Armour Shop.
  8182 | D:11     | Noticed a white ugly thing
  8196 | D:11     | Slain by a white ugly thing

Illustrated notes

Levels and vault maps discovered:
D:1:      kennysheep_arrival_seaside, layout_rooms,
          shapermc_ecumenical_altar_hornbeckon, serial_shops,
          nicolae_shop_crystal
D:2:      layout_loops_ring, serial_bayou_lake_a, uniq_terence, uniq_jessica
D:3:      layout_rooms, chequers_temple_overflow_minitemple,
          nicolae_uskayaw_en_pointe
D:4:      layout_basic, grunt_dithmenos_smoke, temple_fountains
D:5:      layout_cave_pools, serial_bayou, serial_bayou_pond_e,
          serial_bayou_pond_a, serial_bayou_pond_a, serial_bayou_pond_c,
          chequers_serial_rivers_micro_b
D:6:      layout_basic, nicolae_qazlal_eye_of_the_storm,
          chequers_serial_rivers_marsh, uniq_menkaure
D:7:      lemuel_insect_pit, layout_basic, makhleb_grotto_becter,
          enter_bailey_6, st_stairs_1, uniq_pikel
D:8:      layout_basic, minmay_misc_feat_iff, uniq_prince_ribbit1, uniq_maurice
D:9:      layout_roguey, minmay_misc_feat_four_crosses, lightli_orcish_oven,
          uniq_harold
D:10:     layout_rooms, serial_shops, shop, nzn_sisyphean_effort, uniq_fannar
D:11:     layout_basic, minmay_lair_entry_grove, gammafunk_ghost_ooze,
          okawaru_humans, uniq_josephine

Skill      XL: |  1  2  3  4  5  6  7  8  9 10 11 |
---------------+----------------------------------+-----
Fighting       | 4 5 6 7 8 9 |  9.5
Armour         | 4 5 6 7 8 9 |  9.5
Shields        | 5 6 7 9 10 11 | 11.3
Axes           | 3 4 5 6 7 8 |  8.3
Invocations    | 1 3 5 7 8 |  8.4

Action                   |  1- 3 |  4- 6 |  7- 9 | 10-12 || total
-------------------------+-------+-------+-------+-------++-------
Melee: War axe           |    60 |   194 |    19 |       ||   273
       Hand axe          |       |       |   149 |   301 ||   450
       Unarmed           |       |       |       |    10 ||    10
Throw: Dart              |       |       |     2 |       ||     2
Invok: Bend Time         |       |       |       |     2 ||     2
Evoke: Wand              |       |       |       |     2 ||     2
  Use: Scroll            |       |       |    18 |     1 ||    19
       Potion            |       |       |     2 |     1 ||     3
 Stab: Sleeping          |       |       |     3 |     4 ||     7
Armor: Scale mail        |    31 |    80 |    12 |       ||   123
       Shadow dragon sca |       |       |    51 |    85 ||   136
Dodge: Dodged            |    30 |    85 |    65 |    55 ||   235
Block: Buckler           |    19 |    36 |    97 |   181 ||   333
       Reflection        |       |       |    13 |    13 ||    26

Table legend: (Time is in decaauts)
 A = Elapsed time spent in this place.
 B = Non-inter-level travel time spent in this place.
 C = Inter-level travel time spent in this place.
 D = Time resting spent in this place.
 E = Time spent auto-exploring this place.
 F = Levels seen in this place.
 G = Mean time per level.
                   A        B        C        D        E       F      G
               +--------+--------+--------+--------+--------+-----+--------+
         Total |  10473 |  10123 |    350 |    514 |   7451 |  12 |  872.8 |
       Dungeon |   9893 |   9543 |    350 |    514 |   7118 |  11 |  899.4 |
        Bailey |    579 |    579 |      0 |      0 |    332 |   1 |  579.0 |
               +--------+--------+--------+--------+--------+-----+--------+

Top non-repeatable levels by time:
     D:7: 1363 daAuts
     D:9: 1197 daAuts
    D:10: 1137 daAuts
     D:2: 1133 daAuts
     D:5: 1029 daAuts
     D:6: 982 daAuts
     D:4: 905 daAuts
     D:8: 842 daAuts
     D:1: 684 daAuts
     D:3: 584 daAuts
  Bailey: 579 daAuts
    D:11: 32 daAuts
